 Dungeon Crawl Stone Soup version 0.30-b1-2-g02819fbbbe (webtiles) character file.

Game seed: 3582533888607251040

102 MackTheKnife the Insei (level 4, -4/35 HPs)
             Began as a Demonspawn Monk on May 8, 2023.
             Was a Priest of Cheibriados.
             Slain by a gnoll
             ... wielding a +0 flail
              (7 damage)
             ... on level 3 of the Dungeon.
             The game lasted 00:02:01 (2038 turns).

MackTheKnife the Insei (Demonspawn Monk)            Turns: 2038, Time: 00:02:01

Health: -4/35      AC:  5    Str: 21    XL:     4   Next: 49%
Magic:  4/4        EV: 12    Int: 20    God:    Cheibriados [***...]
Gold:   115        SH:  0    Dex: 23    Spells: 3/3 levels left

rFire   . .          .
                       - Unarmed
rCold   . . .        c - orb {light}
rNeg    . . .        o - +0 ring mail
rPois   .            (helmet restricted)
rElec   .            (no cloak)
rCorr   .            (no gloves)
SInv    .            (no boots)
Will    .....        (no amulet)
Stlth   +            (no ring)
HPRegen 0.25/turn    (no ring)
MPRegen 0.09/turn

%: no passive effects
@: glowing, very slow
A: antennae 1, foul stench 1, weakness stinger 1
a: Renounce Religion, Bend Time, Temporal Distortion


You were on level 3 of the Dungeon.
You worshipped Cheibriados.
Cheibriados was most pleased with you.
You visited 1 branch of the dungeon, and saw 3 of its levels.

You collected 115 gold pieces.


Innate Abilities, Weirdness & Mutations

You have a pair of small antennae on your head.
You may rarely emit foul miasma when damaged in melee.
You have a small tail.


   Skills:
 - Level 3.0 Fighting
 - Level 2.6 Dodging
 + Level 4.9 Unarmed Combat


You had 3 spell levels left.
You didn't know any spells.
Your spell library contained the following spells:

 Spells                   Type           Power      Damage    Failure   Level
 Necrotise                Necr           0%         1d4       32%         1
 Vampiric Draining        Necr           0%         2d6       67%         3
 Agony                    Necr           0%         N/A       100%        5

Inventory:

Armour
 c - an orb of light (worn)
 o - a +0 ring mail (worn)
   (You took it off an orc on level 3 of the Dungeon)
Wands
 n - a wand of acid (4)
   (You found it on level 3 of the Dungeon)
Scrolls
 d - a scroll of fog {unknown}
 g - a scroll of noise {unknown}
 h - 3 scrolls of teleportation {unknown}
 i - 2 scrolls of identify {unknown}
 j - a scroll of immolation {unknown}
 l - a scroll of silence {unknown}
Potions
 b - a potion of ambrosia
 e - 2 potions of curing {unknown}
 f - 2 potions of lignification {unknown}
 k - a potion of might {unknown}
 m - a potion of attraction {unknown}

Dungeon Overview and Level Annotations

Branches:
Dungeon (3/15) Zot: 24133

Altars:
Cheibriados

........ ....... #.....
#....# #....# # #....#.#
#...g..# ######.####
########..@gg)#
#...>..#.###### #
#.####.#.########## ..
#.####.#.##........ .#
#.##.......<######.#####.##
#........#### ....#...
#.##.#...###### #..†..#
#.............# #<....#
#.##..#.#####.# #.....#


You could see 2 gnolls.


Message History

Search for what [Enter for "altar", or ? for help]? armour
Things that are here:
a +0 hand axe {axe}; a +0 ring mail
Okay, then.
You start removing your armour.
You continue taking off your +0 robe. x4
You finish taking off your +0 robe.
You start putting on your armour.
You continue putting on your +0 ring mail. x5
You finish putting on your +0 ring mail.
You drop a +0 robe.
Found a stone staircase leading up.
You sense a monster nearby.
Found a stone staircase leading down and a stone staircase leading up.
You now have 115 gold pieces (gained 6).
There is a stone staircase leading up here.
An endoplasm comes into view.
The endoplasm quivers.
You punch the endoplasm!
You kill the endoplasm!
Cheibriados appreciates the change of pace.
No target in view!
No target in view!
Found a stone staircase leading down.
There is a stone staircase leading down here.
i - 2 scrolls labelled TUDYATHI QADWA (gained 1)
There is a stone staircase leading down here.
Key pressed, stopping explore.
A gnoll comes into view. It is wielding a +0 whip.
The gnoll shouts!
You hear a shout!
A bat comes into view.
A gnoll comes into view. It is wielding a +0 flail. x2
There are monsters nearby!
The gnoll shouts! x2
The bat closely misses you.
A gnoll comes into view. It is wielding a +0 spear.
The gnoll shouts!
The bat hits you but does no damage.
The gnoll hits you with a +0 whip. 😕 HP[-3]
You take 3 damage, and now have 32/35 hp.
You completely miss the gnoll. The bat hits you but does no damage.
The gnoll hits you but does no damage.
You hit the gnoll. You tail-slap the gnoll. The gnoll closely misses you.
The gnoll barely misses you. The gnoll closely misses you.
You hit the gnoll. The gnoll attacks as you move away!
The gnoll hits you with a +0 flail. The gnoll attacks as you move away!
The gnoll hits you with a +0 whip.
The gnoll hits you with a +0 flail. 😮 HP[-8]
You take 8 damage, and now have 24/35 hp.
MASSIVE DAMAGE!! (PAUSE)
The bat barely misses you. The gnoll attacks as you move away!
The gnoll hits you with a +0 whip. 😮 HP[-1]
You take 1 damage, and now have 23/35 hp.
The gnoll attacks as you move away! The gnoll hits you with a +0 whip. x2
* * * LOW HITPOINT WARNING * * *
😨 HP[-8]
You take 8 damage, and now have 15/35 hp.
MASSIVE DAMAGE!! (PAUSE)
You hit the gnoll. The gnoll hits you but does no damage.
You punch the gnoll! The gnoll barely misses you.
You barely miss the gnoll.
You tail-slap the gnoll, but do no damage.
The gnoll hits you with a +0 whip.
* * * LOW HITPOINT WARNING * * *
😨 HP[-3]
You take 3 damage, and now have 12/35 hp.
You completely miss the gnoll. The gnoll hits you with a +0 whip.
* * * LOW HITPOINT WARNING * * *
😨 HP[-3]
You take 3 damage, and now have 9/35 hp.
You hit the gnoll.
You kill the gnoll!
Cheibriados thoroughly appreciates the change of pace.
Unknown command.
You completely miss the gnoll. The gnoll hits you with a +0 flail.
* * * LOW HITPOINT WARNING * * *
😱 HP[-2]
You take 2 damage, and now have 7/35 hp.
Aiming: Corrosive Bolt
Press: ? - help, Shift-Dir - straight line, f - gnoll
Aim: a gnoll, wielding a +0 flail (severely wounded, haloed, 83% to hit)
The bolt of acid misses the gnoll.
The bolt of acid misses the bat.
The bolt of acid hits the gnoll!
The acid corrodes the gnoll!
You kill the gnoll!
Cheibriados thoroughly appreciates the change of pace.
The gnoll hits you with a +0 flail.
* * * LOW HITPOINT WARNING * * *
😱 HP[-4]
You take 4 damage, and now have 3/35 hp.
Aiming: Corrosive Bolt
Press: ? - help, Shift-Dir - straight line, f - gnoll
Aim: a gnoll, wielding a +0 spear (haloed, 83% to hit)
The bolt of acid hits the gnoll!
The acid corrodes the gnoll!
The bolt of acid hits the bat!
You kill the bat!
Cheibriados thoroughly appreciates the change of pace.
The bolt of acid hits the gnoll!
The acid corrodes the gnoll!
The gnoll hits you with a +0 flail!
You die...

Skill      XL: |  1  2  3 |
---------------+----------+-----
Unarmed Combat | 3 4 |  4.9
Fighting       | |  3.0
Dodging        | |  2.6

Action                     |  1- 3 |  4- 6 || total
---------------------------+-------+-------++-------
  Melee: Unarmed           |   130 |    14 ||   144
         Tailslap          |       |     3 ||     3
  Evoke: Wand              |       |     2 ||     2
 Armour: Robe              |    25 |       ||    25
         Ring mail         |       |     4 ||     4
  Dodge: Dodged            |    90 |     9 ||    99

Levels and vault maps discovered:
D:1:      lightli_arrival_quake, layout_loops_ring,
          shapermc_ecumenical_altar_mp_vishouse, minmay_misc_feat_plants,
          nrook_mini_backslash, minmay_misc_feat_encased, serial_bayou_pond_a
D:2:      layout_basic
D:3:      layout_loops_cross, slow_altar_2, hellmonk_ghost_happy_afterlife

Notes
Turn   | Place    | Note
-------+----------+-------------------------------------------
     0 | D:1      | MackTheKnife the Demonspawn Monk began the quest for the
                  | Orb.
     0 | D:1      | Reached XP level 1. HP: 18/18 MP: 1/1
     0 | D:1      | magus.rc [v1.9.6]
   248 | D:1      | Reached skill level 3 in Unarmed Combat
   380 | D:1      | You feel monstrous as your demonic heritage exerts itself.
   380 | D:1      | Discovered your monstrous ancestry.
   380 | D:1      | Gained mutation: You have a pair of small antennae on your
                  | head. [demonic ancestry]
   380 | D:1      | Reached XP level 2. HP: 19/24 MP: 2/2
   493 | D:1      | Found a faded altar of an unknown god.
   856 | D:1      | Prayed at the altar of an unknown god.
   856 | D:1      | Became a worshipper of Cheibriados the Contemplative
   856 | D:1      | Reached * piety under Cheibriados
   856 | D:1      | Reached ** piety under Cheibriados
  1017 | D:2      | Reached *** piety under Cheibriados
  1018 | D:2      | Gained mutation: You may rarely emit foul miasma when
                  | damaged in melee. [demonic ancestry]
  1018 | D:2      | Reached XP level 3. HP: 26/29 MP: 3/3
  1078 | D:2      | Reached skill level 4 in Unarmed Combat
  1344 | D:2      | HP: 7/29 [worm (8)]
  1346 | D:2      | HP: 1/29 [worm (6)]
  1622 | D:2      | You pick up a book of Necromancy and begin reading...
  1622 | D:2      | You add the spells Necrotise, Vampiric Draining and Agony
                  | to your library.
  1787 | D:3      | Gained mutation: You have a small tail. [demonic ancestry]
  1787 | D:3      | Reached XP level 4. HP: 26/35 MP: 4/4
  2036 | D:3      | HP: 7/35 [gnoll/+0 flail (2)]
  2037 | D:3      | HP: 3/35 [gnoll/+0 flail (5)]
  2038 | D:3      | Slain by a gnoll

Vanquished Creatures
  2 gnolls (D:3)
  3 adders
  A worm (D:2)
  2 dart slugs (D:2)
  An orc (D:3)
  4 ball pythons
  2 endoplasms
  4 giant cockroaches
  3 goblins
  3 hobgoblins
  6 kobolds
  4 quokkas
  6 bats
  4 frilled lizards
  3 rats
48 creatures vanquished.

Table legend:
 A = Non-vault XP
 B = Vault XP
 C = Vault XP percentage of total XP
 D = Non-vault monster count
 E = Vault monster count
 F = Vault count percentage of total count
                 A         B        C        D         E       F
            +---------+---------+-------+---------+---------+-------
      Total |     147 |       0 |   0.0 |      48 |       0 |   0.0
            +---------+---------+-------+---------+---------+-------
        D:1 |      28 |       0 |   0.0 |      17 |       0 |   0.0
        D:2 |      66 |       0 |   0.0 |      22 |       0 |   0.0
        D:3 |      53 |       0 |   0.0 |       9 |       0 |   0.0
            +---------+---------+-------+---------+---------+-------

Skill      XL: |  1  2  3 |
---------------+----------+-----
Unarmed Combat | 3 4 |  4.9
Fighting       | |  3.0
Dodging        | |  2.6

Action                     |  1- 3 |  4- 6 || total
---------------------------+-------+-------++-------
  Melee: Unarmed           |   130 |    14 ||   144
         Tailslap          |       |     3 ||     3
  Evoke: Wand              |       |     2 ||     2
 Armour: Robe              |    25 |       ||    25
         Ring mail         |       |     4 ||     4
  Dodge: Dodged            |    90 |     9 ||    99

Illustrated notes

Table legend:
 A = Kills in this place as a percentage of kills in the entire game.
 B = Kills by you in this place as a percentage of kills by you in the entire game.
 C = Kills by friends in this place as a percentage of kills by friends in the entire game.
 D = Other kills in this place as a percentage of other kills in the entire game.
 E = Experience gained in this place as a percentage of experience gained in the entire game.
 F = Experience gained in this place divided by the number of levels of this place that you have seen.
                   A       B       C       D       E      F
               +-------+-------+-------+-------+-------+----------------------
         Total | 100.0 | 100.0 |   N/A |   N/A | 100.0 |  49.0
       Dungeon | 100.0 | 100.0 |   N/A |   N/A | 100.0 |  49.0
               +-------+-------+-------+-------+-------+----------------------

Table legend: (Time is in decaauts)
 A = Elapsed time spent in this place.
 B = Non-inter-level travel time spent in this place.
 C = Inter-level travel time spent in this place.
 D = Time resting spent in this place.
 E = Time spent auto-exploring this place.
 F = Levels seen in this place.
 G = Mean time per level.
                   A        B        C        D        E       F      G
               +--------+--------+--------+--------+--------+-----+--------+
         Total |   2435 |   2314 |    121 |    301 |   1659 |   3 |  811.7 |
       Dungeon |   2435 |   2314 |    121 |    301 |   1659 |   3 |  811.7 |
               +--------+--------+--------+--------+--------+-----+--------+

Top non-repeatable levels by time:
     D:2: 1182 daAuts
     D:1: 901 daAuts
     D:3: 351 daAuts
